 Dungeon Crawl Stone Soup version 0.24.0-5-g267a8d59f4 (webtiles) character file.

Game seed: 12589984262649490836, levelgen mode: deterministic

182 Canard the Firebug (level 5, -2/31 HPs)
             Began as an Octopode Fire Elementalist on Nov 1, 2019.
             Slain by a centaur (7 damage)
             ... on level 3 of the Dungeon.
             The game lasted 00:05:38 (2087 turns).

Canard the Firebug (Octopode Fire Elementalist)     Turns: 2087, Time: 00:05:38

Health: -2/31      AC:  1    Str: 11    XL:     5   Next: 62%
Magic:  4/8        EV: 13    Int: 18    God:
Gold:   166        SH:  0    Dex: 15    Spells: 0/8 levels left

rFire    + . .     SeeInvis +   t - +3 dagger (drain)
rCold    . . .     Gourm    .   (no shield)
rNeg     + . .     Faith    .   (helmet restricted)
rPois    .         Spirit   .   (no amulet)
rElec    .         Reflect  .   a - ring of see invisible
rCorr    .         Harm     .   g - +4 ring of strength
MR       .....                  e - ring of positive energy
Stlth    +++.......             f - +2 ring of dexterity
HPRegen  0.10/turn              q - ring of protection from fire
MPRegen  0.11/turn              (no ring)
                                (no ring)
                                (no ring)

@: very slightly contaminated
A: almost no armour, stealthy swim, amphibious, 8 rings, constrict 8, camouflage
1, gelatinous body 1
a: no special abilities


You were on level 3 of the Dungeon.
You were not hungry.

You visited 1 branch of the dungeon, and saw 4 of its levels.

You collected 166 gold pieces.

Inventory:

Hand Weapons
 t - a +3 dagger of draining (weapon)
   (You took it off a goblin on level 2 of the Dungeon)
Missiles
 d - 28 bolts
 n - 79 stones
 s - 46 sling bullets
 u - 2 poisoned darts (quivered)
Armour
 h - a cursed +0 buckler
   (You found it on level 1 of the Dungeon)
Jewellery
 a - a ring of see invisible (left tentacle)
   (You found it on level 1 of the Dungeon)
 e - a ring of positive energy (on tentacle)
   (You found it on level 1 of the Dungeon)
 f - a +2 ring of dexterity (on tentacle)
   (You found it on level 1 of the Dungeon)
 g - a +4 ring of strength (right tentacle)
   (You found it on level 1 of the Dungeon)
 q - a ring of protection from fire (on tentacle)
   (You found it on level 2 of the Dungeon)
Scrolls
 k - 2 scrolls of amnesia {unknown}
 l - 3 scrolls of identify {unknown}
 m - a scroll of remove curse {unknown}
 o - a scroll of teleportation {unknown}
 p - a scroll of enchant armour {unknown}
Potions
 c - a potion of degeneration {unknown}
 i - a potion of brilliance {unknown}
 j - 2 potions of curing {unknown}
 r - a potion of heal wounds {unknown}
 w - a potion of might {unknown}
 x - a potion of flight {unknown}
Comestibles
 b - 15 rations
 v - 2 chunks of flesh


   Skills:
 - Level 2.0 Dodging
 - Level 2.6 Stealth
 - Level 2.0 Spellcasting
 + Level 3.8 Conjurations
 + Level 4.8 Fire Magic


You couldn't memorise any spells.
You knew the following spells:

 Your Spells              Type           Power        Failure   Level  Hunger
a - Flame Tongue          Conj/Fire      ###..        3%          1    #......
b - Conjure Flame         Conj/Fire      ###.....     10%         3    ###....
c - Sticky Flame          Conj/Fire      ###.....     30%         4    #####..

Your spell library contained the following spells:

 Spells                   Type           Power        Failure   Level  Hunger
 Throw Flame              Conj/Fire      ###...       4%          2    ###....
 Inner Flame              Hex/Fire       ##......     21%         3    ###....
 Fireball                 Conj/Fire      ###.......   65%         5    ######.


Dungeon Overview and Level Annotations

Branches:
Dungeon (4/15)
 Temple: D:4-7

Altars:
Qazlal

Annotations:
D:2 Sigmund
D:3 exclusion: centaur


Innate Abilities, Weirdness & Mutations

You cannot wear most types of armour.
You are very stealthy in the water. (Stealth+)
You are amphibious.
You can wear up to eight rings at the same time.
You can use your tentacles to constrict eight enemies at once.
Your skin changes colour to match your surroundings (Stealth+).
Your rubbery body absorbs attacks. (AC +1, EV +1)


Message History

* * * LOW HITPOINT WARNING * * *
You see here an arrow.
Huge Dmg: -46%(-14hp) hp: 42%(13hp)
The centaur unwields a +0 shortbow.
The centaur hits you!
* * * LOW HITPOINT WARNING * * *
Huge Dmg: -22%(-7hp) hp: 20%(6hp)
Casting: Flame Tongue (safe; 3% risk of failure)
Confirm with . or Enter, or press ? or * to list all spells.
You don't know that spell.
Casting: Flame Tongue (safe; 3% risk of failure)
Confirm with . or Enter, or press ? or * to list all spells.
Aiming: Sticky Flame (quite dangerous; 30% risk of failure)
Press: ? - help, Shift-Dir - straight line, f - centaur
Aim: a centaur You miscast Sticky Flame.
You are very lightly contaminated with residual magic.
You feel uncomfortably hot. The centaur hits you.
* * * LOW HITPOINT WARNING * * *
The centaur hits you!
You die...

#.######.# #.#
#.#......# #.#
#.#.####.# #.#
#........# #.#
######........##### #.#
.........####.....# #.#
#####...####.....# #.#
#...##.c.....#######.#
#...##@......#.......##
#...((.._..........#...
#..#.......##..###.#.##
#..#.......## #.#[#
#.##.....### #.#.## #.
#.....# #.#.#. ..
#####... .###..... ###
.... ........# .###
c.......#


You could see a centaur.

Vanquished Creatures
  An orc priest (D:3)
  Natasha (D:3)
  An orc wizard (D:3)
  4 adders
  2 worms (D:2)
  4 dart slugs
  A leopard gecko (D:2)
  3 orcs (D:3)
  3 bats
  6 giant cockroaches
  7 goblins
  6 hobgoblins
  A jackal (D:2)
  A frilled lizard (D:2)
  8 kobolds
  7 rats
56 creatures vanquished.

Notes
Turn   | Place    | Note
-------+----------+-------------------------------------------
     0 | D:1      | Canard the Octopode Fire Elementalist began the quest for
                  | the Orb.
     0 | D:1      | Reached XP level 1. HP: 11/11 MP: 3/3
    98 | D:1      | Reached XP level 2. HP: 17/17 MP: 1/5
   598 | D:1      | Reached XP level 3. HP: 21/21 MP: 4/6
   604 | D:1      | Learned a level 3 spell: Conjure Flame
   981 | D:2      | Reached skill level 4 in Fire Magic
   981 | D:2      | Reached XP level 4. HP: 27/27 MP: 5/7
  1023 | D:2      | Noticed Sigmund
  1734 | D:3      | Noticed a centaur
  1822 | D:3      | Found a stormy altar of Qazlal.
  1822 | D:3      | Noticed Natasha
  1876 | D:3      | Killed Natasha
  1876 | D:3      | Reached XP level 5. HP: 30/31 MP: 1/8
  2062 | D:3      | Learned a level 4 spell: Sticky Flame
  2087 | D:3      | Slain by a centaur

Levels and vault maps discovered:
D:1:      dpeg_arrival_windows_large_door, layout_loops_ring
D:2:      layout_loops_corners, first_ration, uniq_sigmund
D:3:      layout_loops_ring, nicolae_overflow_crystal_walls,
          minmay_three_crescents, uniq_natasha
D:4:      layout_basic, minmay_temple_entry_drinking_statues,
          grunt_ministairs_14, trog_book

Skill      XL: |  1  2  3  4 |
---------------+-------------+-----
Conjurations   | 2 3 |  3.8
Fire Magic     | 4 |  4.8
Dodging        | |  2.0
Stealth        | |  2.6
Spellcasting   | |  2.0

Action                   |  1- 3 |  4- 6 || total
-------------------------+-------+-------++-------
Melee: Unarmed           |    24 |       ||    24
       Constrict         |    11 |     6 ||    17
       Tentacles         |     5 |       ||     5
       Dagger            |     5 |    17 ||    22
 Cast: Flame Tongue      |    35 |    32 ||    67
       Conjure Flame     |     1 |     1 ||     2
 Stab: Sleeping          |     8 |     1 ||     9
  Eat: Chunk             |       |     5 ||     5
Armor: Skin              |     1 |     4 ||     5
Dodge: Dodged            |    15 |    22 ||    37
